 Dungeon Crawl Stone Soup version 0.22-a0-196-gee22f27 (webtiles) character file.

41 MatthieuS the Gusty (level 3, 0/20 HPs)
             Began as a Tengu Air Elementalist on Feb 17, 2018.
             Succumbed to an adder's poison
             ... on level 2 of the Dungeon.
             The game lasted 00:03:42 (1449 turns).

MatthieuS the Gusty (Tengu Air Elementalist)        Turns: 1449, Time: 00:03:43

Health: 0/20       AC:  2    Str:  8    XL:     3   Next: 52%
Magic:  1/7        EV: 13    Int: 16    God:
Gold:   90         SH:  0    Dex: 14    Spells: 3/6 levels left

rFire    . . .     SeeInvis .   l - +2 short sword (holy)
rCold    . . .     Gourm    .   (no shield)
rNeg     . . .     Faith    .   a - +0 robe
rPois    .         Spirit   .   (helmet restricted)
rElec    .         Reflect  .   (no cloak)
rCorr    .         Harm     .   (no gloves)
MR       .....                  (boots unavailable)
Stlth    ++........             (no amulet)
HPRegen  0.06/turn              (no ring)
MPRegen  0.10/turn              (no ring)

@: lethally poisoned (0 -> -4), hasted, very quick
A: beak, talons 3
a: no special abilities


You were on level 2 of the Dungeon.
You were hungry.

You visited 1 branch of the dungeon, and saw 2 of its levels.

You collected 90 gold pieces.

Inventory:

Hand Weapons
 l - a +2 short sword of holy wrath (weapon)
Armour
 a - a +0 robe (worn)
Scrolls
 d - a scroll of amnesia {unknown}
 e - 2 scrolls of identify {unknown}
 h - a scroll of random uselessness {unknown}
 i - 3 scrolls of immolation {unknown}
 k - a scroll of enchant armour {unknown}
Potions
 j - a potion of agility {unknown}
Books
 b - a book of Air

   Spells                             Type                      Level
   a - Shock                          Conjuration/Air              1
   b - Swiftness                      Charms/Air                   2
   c - Static Discharge               Conjuration/Air              3
   d - Airstrike                      Air                          4
   e - Lightning Bolt                 Conjuration/Air              5
Comestibles
 c - 4 rations


   Skills:
 + Level 0.8 Fighting
 + Level 1.0 Armour
 + Level 2.5 Dodging
 + Level 2.3 Stealth
 + Level 2.2 Spellcasting
 + Level 2.0 Conjurations
 + Level 4.3 Air Magic


You had 3 spell levels left.
You knew the following spells:

 Your Spells              Type           Power        Failure   Level  Hunger
a - Shock                 Conj/Air       ##..         5%          1    #......
b - Swiftness             Chrm/Air       #.......     13%         2    ###....


Dungeon Overview and Level Annotations

Branches:
Dungeon (2/15)

Altars:


Innate Abilities, Weirdness & Mutations

You have a beak for a mouth.
You have claws for feet.


Message History

You are feeling hungry.
Casting: Shock (safe; 5% risk of failure)
Confirm with . or Enter, or press ? or * to list all spells.
Aiming: Shock (safe; 5% risk of failure)
Press: ? - help, Shift-Dir - straight line The zap hits the gnoll.
The gnoll is severely wounded.
The zap misses the gnoll.
You feel sick.
The gnoll hits you from afar with a spear.
The gnoll hits you with a spear!
You barely miss the gnoll.
The gnoll is severely wounded.
You hit the gnoll.
The gnoll is almost dead.
The gnoll hits you with a spear!
* * * LOW HITPOINT WARNING * * *
You hit the gnoll.
You kill the gnoll!
Your Armour skill increases to level 1!
You die...

..# #.### #.# #.# ####
#### #.# # #.. ..# #.#
## #.# #.# #.#
.####.#####.####.#######
......##........@......#
..##..##.##.#.##)#####..
#.##..##.##.#.##.#
#.##...........>.#
#.######.##.#.#..# #.#
#.##.#.#..# ..#
#......#..# ###
####.###..# .


There were no monsters in sight!

Vanquished Creatures
  A gnoll (D:2)
  An adder (D:2)
  An ooze (D:1)
  2 hobgoblins (D:1)
  A jackal (D:1)
  2 kobolds (D:1)
  7 bats (D:1)
  2 frilled lizards (D:1)
  4 rats
21 creatures vanquished.

Notes
Turn   | Place    | Note
-------+----------+-------------------------------------------
     0 | D:1      | MatthieuS the Tengu Air Elementalist began the quest for the Orb.
     0 | D:1      | Reached XP level 1. HP: 10/10 MP: 4/4
   446 | D:1      | Reached XP level 2. HP: 13/16 MP: 0/6
   505 | D:1      | Learned a level 2 spell: Swiftness
  1438 | D:2      | Reached XP level 3. HP: 16/20 MP: 3/7
  1447 | D:2      | HP: 1/20 [gnoll/spear (7)]
  1448 | D:2      | Reached skill level 1 in Armour
  1449 | D:2      | Succumbed to an adder's poison

Vault maps used:
D:1:      sevenhm_arrival_forest_fort_small_6, minmay_misc_feat_tower,
          minmay_misc_feat_more_columns, grunt_decor_one_mirror,
          minmay_nonomino_d4
D:2:      led_sif_pool

Skill      XL: |  1  2  3 |
---------------+----------+-----
Conjurations   | 2 |  2.0
Armour         | 1 |  1.0
Fighting       | |  0.8
Dodging        | |  2.5
Stealth        | |  2.3
Spellcasting   | |  2.2
Air Magic      | |  4.3

Action                   || total
-------------------------++-------
Melee: Unarmed           ||     8
       Kick              ||     1
       Short sword       ||     3
 Cast: Shock             ||    55
  Use: Potion            ||     2
  Eat: Chunk             ||     2
Armor: Robe              ||    16
Dodge: Dodged            ||    40

Table legend:
 A = Spawn XP
 B = Non-spawn XP
 C = Spawn XP percentage of total XP
 D = Spawn monster count
 E = Non-spawn monster count
 F = Spawn count percentage of total count
 G = Total turns spent on level
                    A         B        C        D         E        F      G
               +---------+---------+-------+---------+---------+-------+---------
         Total |       0 |      59 |   0.0 |       0 |      21 |   0.0 |  1449
               +---------+---------+-------+---------+---------+-------+---------
           D:1 |       0 |      30 |   0.0 |       0 |      17 |   0.0 |  1274
           D:2 |       0 |      29 |   0.0 |       0 |       4 |   0.0 |   175
               +---------+---------+-------+---------+---------+-------+---------
